 Dungeon Crawl Stone Soup version 0.23.2-1-ga50397a6bc (webtiles) character file.

Game seed: 14227483736520703362

77 MTandi the Conjurer (level 4, -1/24 HPs)
             Began as a Deep Elf Conjurer on May 29, 2019.
             Was an Initiate of Vehumet.
             Slain by a gnoll
             ... wielding a +0 club
              (5 damage)
             ... on level 3 of the Dungeon.
             The game lasted 00:09:03 (2236 turns).

MTandi the Conjurer (Deep Elf Conjurer)             Turns: 2236, Time: 00:09:04

Health: -1/24      AC:  2    Str:  6    XL:     4   Next: 13%
Magic:  1/12       EV: 13    Int: 20    God:    Vehumet [......]
Gold:   93         SH:  0    Dex: 15    Spells: 10/11 levels left

rFire    x . .     SeeInvis .   g - +0 dagger
rCold    + . .     Gourm    .   (no shield)
rNeg     . . .     Faith    .   a - +0 robe
rPois    .         Spirit   .   (no helmet)
rElec    .         Reflect  .   (no cloak)
rCorr    .         Harm     .   (no gloves)
MR       .....                  (no boots)
Stlth    ++........             b - amulet of regeneration
HPRegen  0.48/turn              w - ring of ice
MPRegen  0.13/turn              (no ring)

@: about to teleport
A: no striking features
a: Renounce Religion


You were on level 3 of the Dungeon.
You worshipped Vehumet.
Vehumet was noncommittal.
You were hungry.

You visited 1 branch of the dungeon, and saw 3 of its levels.

You collected 93 gold pieces.

Inventory:

Hand Weapons
 g - a +0 dagger (weapon)
 p - a +1 hunting sling
Missiles
 k - 39 arrows
 q - 4 silver javelins (quivered)
Armour
 a - a +0 robe (worn)
 u - a +1 helmet
Jewellery
 b - an amulet of regeneration (around neck)
 n - an uncursed amulet of faith
 w - a ring of ice (left hand)
 x - a +3 ring of evasion {unknown}
Scrolls
 h - 3 scrolls of remove curse
 m - 6 scrolls of teleportation
Potions
 e - 2 potions of cancellation {unknown}
 i - 2 potions of haste {unknown}
 j - a potion of might {unknown}
 o - a potion of brilliance {unknown}
 s - a potion of lignification {unknown}
 v - a potion of curing {unknown}
Comestibles
 c - 5 rations


   Skills:
 - Level 2.4 Dodging
 - Level 2.4 Stealth
 + Level 4.2 Spellcasting
 * Level 5.7 Conjurations


You had 10 spell levels left.
You knew the following spells:

 Your Spells              Type           Power        Failure   Level  Hunger
a - Magic Dart            Conj           ####         1%          1    None

Your spell library contained the following spells:

 Spells                   Type           Power        Failure   Level  Hunger
 Searing Ray              Conj           ####..       1%          2    #......
 Dazzling Spray           Conj/Hex       ###...       12%         3    ###....
 Iskenderun's Mystic Bla  Conj           ####....     12%         4    ####...
 Force Lance              Conj/Tloc      ###.....     36%         4    ####...
 Fulminant Prism          Conj/Hex       ###.......   36%         4    ####...


Dungeon Overview and Level Annotations

Branches:
Dungeon (3/15)

Altars:
Nemelex Xobeh
Vehumet


Message History

You hit the gnoll.
The gnoll is almost dead.
The gnoll misses you.
You hit the gnoll but do no damage.
The gnoll is almost dead.
The gnoll misses you.
You hit the gnoll but do no damage.
The gnoll is almost dead.
The gnoll hits you with a +0 club!
* * * LOW HITPOINT WARNING * * *
You barely miss the gnoll.
The gnoll is almost dead.
The gnoll hits you with a +0 club.
* * * LOW HITPOINT WARNING * * *
Okay, then.
As you read the scroll of teleportation, it crumbles to dust.
You feel strangely unstable.
Found 2 rations and 5 gold pieces.
The gnoll hits you with a +0 club.
You die...

,,,,,,,,,,,**,****,****** *,,,,
,,,,,,****,,,,,,,,..,,,**********
,,,,,,* ****,,###.#*...,,,,,,,,,
****,,*** **,..#.##.$.,,,****,,
,,,**,,,***#####...#..#***,,,*,,,
,,,****,,,,,[..%.....#* ***,,,,,
,,,******#####....#.#### *,,,,,
,,,,,,,,,......%.......# *,*,,,
,,,**********#..@..###,* **,**,*
,,,* ###g..).#.#***,,**,* ,,,*
#.........,,,,***,* ,,,*
#.#.......,,,** *,* ,,.#########
#.#.......,,,****,* *,.........#
##.##......,,,,,,,,*
,,.........###......##.#***,,****
*,.........##...###.#*.# #.**
,,..#######.g..##*,.#*,**##<*


You could see a gnoll.

Vanquished Creatures
  2 adders
  A gnoll (D:3)
  2 dart slugs
  3 leopard geckos
  A ball python (D:1)
  8 bats
  6 hobgoblins (D:1)
  4 jackals (D:2)
  3 kobolds
  4 frilled lizards
  5 goblins
  3 rats (D:1)
42 creatures vanquished.

Notes
Turn   | Place    | Note
-------+----------+-------------------------------------------
     0 | D:1      | MTandi the Deep Elf Conjurer began the quest for the Orb.
     0 | D:1      | Reached XP level 1. HP: 10/10 MP: 6/6
   447 | D:1      | Reached XP level 2. HP: 15/15 MP: 5/8
   695 | D:1      | Found a sparkling altar of Nemelex Xobeh.
   745 | D:1      | Reached skill level 5 in Conjurations
  1255 | D:2      | Reached XP level 3. HP: 19/19 MP: 6/10
  1449 | D:2      | Found a radiant altar of Vehumet.
  1457 | D:2      | Became a worshipper of Vehumet
  2222 | D:3      | Reached XP level 4. HP: 22/24 MP: 4/12
  2236 | D:3      | Slain by a gnoll

Skill      XL: |  1  2  3 |
---------------+----------+-----
Conjurations   | 5 |  5.7
Spellcasting   | 4 |  4.2
Dodging        | |  2.4
Stealth        | |  2.4

Action                   |  1- 3 |  4- 6 || total
-------------------------+-------+-------++-------
Melee: Dagger            |       |     4 ||     4
 Cast: Magic Dart        |    82 |     5 ||    87
  Use: Scroll            |     7 |     1 ||     8
  Eat: Chunk             |     3 |       ||     3
Armor: Robe              |     2 |       ||     2
Dodge: Dodged            |    11 |     2 ||    13
